Map: Incorporeal LE

Players

Erdbeere - Winner!

  • Race: Zerg Zerg
  • League: Diamond
  • Spawn Location: 5:00

Etherodox

  • Race: Terran Terran
  • League: Master
  • Spawn Location: 11:00

VOD

Have the link to the VOD?

Description

Time

  • Played on: Sept. 5, 2025, 3:42 a.m.
  • Length: 9:51
Show
View Real Time Build Order
Export as new Build Order

Erdbeere Zerg - Winner!

Build Orders: 3 Hatch before Pool 

Get SALT Encoding   

  12  0:00  Drone  
  13  0:11  Overlord  
  13  0:16  Drone  
  14  0:30  Drone x2  
  14  0:34  Drone  
  17  0:53  Drone  
  17  0:54  Hatchery  
  17  0:56  Drone  
  18  1:06  Drone  
  19  1:13  Extractor  
  18  1:20  Hatchery  
  18  1:22  Evolution Chamber  
  17  1:25  Spawning Pool  
  17  1:28  Drone  
  17  1:31  Drone  
  18  1:38  Drone  
  19  1:51  Overlord  
  19  2:00  Drone  
  20  2:08  Drone  
  21  2:11  Drone  
  21  2:14  Queen x2  
  26  2:17  Drone  
  26  2:21  Drone  
  28  2:24  Metabolic Boost  
  28  2:28  Drone  
  29  2:32  Drone  
  30  2:38  Drone  
  30  2:43  Drone  
  32  2:55  Hatchery  
  31  3:00  Drone  
  31  3:02  Drone  
  31  3:03  Roach Warren  
  32  3:07  Overlord  
  32  3:09  Drone  
  33  3:13  Drone  
  34  3:32  Evolution Chamber  
  34  3:33  Evolution Chamber  
  32  3:38  Queen  
  34  3:47  Roach  
  34  3:48  Roach x4  
  44  3:49  Overlord  
  44  3:50  Overlord  
  44  4:05  Lair  
  45  4:17  Drone x9  
  45  4:22  Drone  
  54  4:31  Spore Crawler  
  53  4:32  Queen  
  55  4:44  Roach x3  
  55  4:45  Extractor, Roach  
  62  4:46  Extractor  
  61  5:08  Drone x5  
  64  5:33  Spine Crawler  
  64  5:35  Extractor x2  
  61  5:44  Drone  
  61  5:45  Drone x4  
  61  5:46  Overlord  
  61  5:47  Overlord x6  
  66  6:16  Drone x8  
  74  6:29  Drone x3  
  74  6:30  Drone x2  
  65  6:51  Roach x6  
  75  7:06  Overlord  
  75  7:07  Overlord x5  
  75  7:15  Extractor  
  74  7:16  Drone  
  74  7:17  Drone x2  
  74  7:18  Hydralisk Den  
  74  7:20  Glial Reconstitution  
  76  7:23  Zerg Ground Armor Level 1, Zerg Missile Weapons Level 1  
  76  7:30  Roach  
  76  7:31  Roach x2  
  76  7:35  Roach x4  
  90  7:47  Drone x8  
  98  7:55  Overseer x2  
  98  7:56  Drone  
  98  7:57  Drone x2  
  101  8:03  Hatchery  
  101  8:04  Extractor  
  97  8:06  Extractor  
  97  8:07  Queen  
  98  8:17  Hydralisk  
  98  8:18  Hydralisk x8  
  116  8:36  Hydralisk x7  
  130  8:59  Drone x2  
  130  9:00  Drone x9  
  141  9:17  Lurker Den, Infestation Pit  
  141  9:20  Hydralisk x3  
  145  9:29  Hatchery  
  145  9:31  Hatchery  
  143  9:39  Drone x3  
Show
View Real Time Build Order
Export as new Build Order

Etherodox Terran 

Build Orders:  

Get SALT Encoding   

  12  0:02  SCV  
  13  0:14  SCV  
  14  0:21  Supply Depot  
  14  0:27  SCV  
  15  0:43  SCV  
  15  0:44  Refinery  
  15  0:45  Barracks  
  16  0:55  SCV  
  17  1:07  SCV  
  18  1:19  SCV  
  20  1:41  Orbital Command  
  20  1:46  Marine  
  20  2:00  Command Center  
  20  2:04  Marine  
  21  2:14  Supply Depot, SCV  
  22  2:24  Refinery  
  22  2:26  SCV  
  23  2:32  Factory  
  23  2:35  Barracks Reactor  
  23  2:38  Refinery  
  23  2:40  SCV  
  23  2:55  SCV  
  24  3:05  Bunker  
  24  3:08  SCV  
  25  3:20  Barracks Tech Lab, SCV  
  25  3:24  Hellion x2  
  30  3:32  SCV  
  31  3:39  Orbital Command  
  31  3:44  SCV  
  31  3:45  Hellion x2  
  36  3:52  Barracks Reactor  
  36  3:54  Barracks  
  36  3:56  SCV  
  37  4:08  SCV  
  38  4:14  Widow Mine x2  
  38  4:15  SCV  
  43  4:20  SCV  
  44  4:24  Supply Depot x2  
  44  4:41  Marine x2  
  46  4:46  SCV x2  
  46  4:52  Barracks Tech Lab  
  43  5:06  Bunker  
  37  5:08  Siege Tank  
  37  5:10  Bunker  
  40  5:15  Marine  
  40  5:16  Marine  
  40  5:17  Marine  
  41  5:32  SCV x2  
  41  5:33  Marine x2  
  41  5:35  Marine  
  46  5:41  Siege Tank  
  49  5:44  SCV x2  
  50  5:51  Marine x2  
  50  5:52  Stimpack  
  50  5:53  Marine  
  44  6:08  SCV x2  
  44  6:09  Marine x2  
  44  6:20  SCV  
  45  6:27  Marine x3  
  45  6:28  Siege Tank  
  51  6:37  Orbital Command  
  44  6:56  Marine x2  
  46  7:29  Supply Depot  
  46  7:30  Supply Depot x2  
  46  7:31  Supply Depot  
  46  7:32  Supply Depot  
  46  7:42  Starport  
  46  7:46  Engineering Bay  
  46  7:50  Marine  
  46  7:51  Hellion x2, SCV x2  
  52  8:03  SCV  
  52  8:07  Marine x2  
  52  8:08  Marine  
  52  8:09  SCV  
  56  8:14  Command Center  
  56  8:15  SCV  
  57  8:21  SCV  
  57  8:25  Marine  
  57  8:26  Marine x2  
  58  8:27  SCV  
  59  8:40  SCV x2  
  61  8:41  Siege Tank  
  61  8:43  Marine  
  61  8:44  Marine x2  
  61  8:46  Refinery  
  61  8:47  Refinery  
  67  8:52  SCV x2  
  65  8:57  Factory, Starport Reactor  
  65  9:04  SCV x2  
  67  9:13  Siege Tank, Marine  
  67  9:16  SCV x2  
  67  9:17  Marine x2  
  75  9:28  SCV x2  
  75  9:31  Marine  
  78  9:43  Factory Tech Lab  
Tags
 
Add a new tag
Caveats
  • Supply blocks, unpowered buildings, or Contaminate may cause inaccurate times.
  • Supply counts are checked every 10 seconds.